 Dungeon Crawl Stone Soup version 0.31-a0-960-g0fca184906 (webtiles) character file.

Game seed: 14710399238047029139

2109 IdlyInterested the Slicer (level 9, 0/97 HPs)
             Began as a Demonspawn Gladiator on Oct 21, 2023.
             Succumbed to a water moccasin's poison
             ... on level 7 of the Dungeon on Oct 23, 2023.
             The game lasted 00:19:30 (5254 turns).

IdlyInterested the Slicer (Demonspawn Gladiator)    Turns: 5254, Time: 00:19:31

Health: 0/97       AC: 24    Str: 15    XL:     9   Next: 7%
Magic:  12/13      EV:  2    Int: 13    God:
Gold:   364        SH:  0    Dex: 15    Spells: 13/14 levels left

rFire   . . .        (no weapon)
rCold   . . .        (no shield)
rNeg    . . .        l - melded +3 leather armour
rPois   +            (helmet currently unavailable)
rElec   .            (cloak currently unavailable)
rCorr   .            (gloves currently unavailable)
SInv    .            u - melded +0 pair of boots
Will    .....        (no amulet)
Stlth   +++          i - +4 ring of slaying
HPRegen 0.36/turn    y - ring of flight
MPRegen 0.13/turn

%: no passive effects
@: lethally poisoned (0 -> -13), tree-form
A: stationary, stasis, torment immunity, boosted hp, (horns 2), (large bone
plates 1), demonic magic 2
a: no special abilities


You were on level 7 of the Dungeon.
You were a tree.
You visited 2 branches of the dungeon, and saw 8 of its levels.

You collected 364 gold pieces.

Inventory:

Hand Weapons
 a - a +0 rapier
Missiles
 d - 3 throwing nets
 k - 27 stones (quivered)
 p - 19 poisoned darts
Armour
 b - a +0 robe of cold resistance
 l - a +3 leather armour (melded)
 u - a +0 pair of boots (melded)
Magical Staves
 v - a staff of cold
Jewellery
 i - a +4 ring of slaying (left branch)
 o - a ring of ice
 q - a ring of magical power
 y - a ring of flight (right branch)
Wands
 c - a wand of polymorph (7)
 f - a wand of iceblast (7)
 t - a wand of mindburst (5)
 w - a wand of quicksilver (10)
 x - a wand of flame (22)
Scrolls
 h - 3 scrolls of teleportation
 j - 2 scrolls of identify
 n - a scroll of enchant weapon
 r - 2 scrolls of fear
 s - a scroll of vulnerability
 z - a scroll of noise {unknown}
Potions
 m - a potion of attraction


   Skills:
 - Level 4.0 Fighting
 * Level 9.3 Short Blades
 - Level 1.7 Throwing
 - Level 1.0 Armour
 - Level 2.6 Dodging
 - Level 4.0 Stealth
 - Level 1.0 Shields
 + Level 3.0 Spellcasting
 - Level 1.0 Evocations


You had 13 spell levels left.
You knew the following spells:

 Your Spells              Type           Power      Damage    Failure   Level
a - Magic Dart            Conj           4%         1d3       22%         1

Your spell library contained the following spells:

 Spells                   Type           Power      Damage    Failure   Level
 Necrotise                Necr           4%         1d4       22%         1
 Blink                    Tloc           2%         N/A       34%         2
 Cigotuvi's Dreadful Rot  Necr/Pois/Air  2%         N/A       34%         2
 Lesser Beckoning         Tloc           2%         N/A       34%         2
 Momentum Strike          Conj/Tloc      2%         3d8       34%         2
 Searing Ray              Conj           2%         2d4       34%         2
 Gell's Gravitas          Tloc           1%         N/A       56%         3
 Ignite Poison            Fire/Tmut/Pois 1%         N/A       56%         3
 Teleport Other           Tloc           1%         N/A       56%         3
 Fulminant Prism          Conj/Hex       0%         3d5       92%         4
 Summon Ice Beast         Ice/Summ       1%         N/A       92%         4
 Freezing Cloud           Conj/Ice/Air   0%         6-21      99%         5
 Malign Gateway           Summ/Tloc      0%         N/A       100%        7
 Monstrous Menagerie      Summ           0%         N/A       100%        7
 Summon Hydra             Summ           0%         N/A       100%        7
 Summon Horrible Things   Summ           0%         N/A       100%        8


Dungeon Overview and Level Annotations

Branches:
Dungeon (7/15)             Temple (1/1) D:6

Altars:
Ashenzari
Cheibriados
Dithmenos
Gozag
Hepliaklqana
Kikubaaqudgha
Makhleb
Nemelex Xobeh
Okawaru
Qazlal
Ru
Sif Muna
Trog
Vehumet
Wu Jian
Xom
Yredelemnul

Shops:
D:6 =


Innate Abilities, Weirdness & Mutations

You are a tree.
Your roots penetrate the ground, keeping you stationary.
You cannot be teleported.
You are immune to unholy pain and torment.
Your maximum health is greatly increased.
Your equipment is partially melded.
((You have a pair of horns on your head.))
((You are partially covered in large bone plates. (SH +4)))
Spells you cast may paralyse nearby enemies.


Message History

You barely miss the yak.
The yak is lightly wounded.
The yak gores you but does no damage.
You smack the yak!
The yak is moderately wounded.
The yak gores you but does no damage.
You smack the yak!
The yak is heavily wounded.
The yak gores you but does no damage.
You smack the yak!
The yak is severely wounded.
The yak gores you but does no damage.
You barely miss the yak.
The yak is severely wounded.
The yak gores you but does no damage.
You hit the yak.
The yak is almost dead.
The yak gores you!
* * * LOW HITPOINT WARNING * * *
You barely miss the yak.
The yak is almost dead.
The yak gores you but does no damage.
You smack the yak!
You kill the yak!
Your Spellcasting skill increases to level 3!
You closely miss the water moccasin.
The water moccasin bites you but does no damage. x2
You smack the water moccasin!
The water moccasin is moderately wounded.
The water moccasin bites you but does no damage.
You smack the water moccasin!
The water moccasin is heavily wounded.
The water moccasin bites you.
* * * LOW HITPOINT WARNING * * *
You are lethally poisoned!
The water moccasin poisons you!
The water moccasin bites you but does no damage.
You completely miss the water moccasin.
The water moccasin is heavily wounded.
You die...

..############
(....YS♣.....#
..##########.#
#. #. ###
##.##..


You could see a yak and a water moccasin.

Vanquished Creatures
  Grinder (D:4)
  A shadow (D:6)
  4 yaks (D:7)
  A water moccasin (D:5)
  2 black bears (D:6)
  An ice beast (D:5)
  An ogre (D:6)
  A phantom (D:6)
  A bullfrog (D:5)
  2 scorpions (D:6)
  An orc priest (D:4)
  2 hounds (D:5)
  Jessica (D:2)
  2 iguanas
  2 orc wizards (D:6)
  9 gnolls
  6 adders
  A shadow imp (D:6)
  A worm (D:5)
  4 dart slugs
  14 orcs
  4 ball pythons
  A bat (D:1)
  2 endoplasms
  6 goblins
  6 hobgoblins
  13 jackals
  4 quokkas
  7 kobolds
  6 rats
107 creatures vanquished.

Notes
Turn   | Place    | Note
-------+----------+-------------------------------------------
     0 | D:1      | IdlyInterested the Demonspawn Gladiator began the quest for
                  | the Orb.
     0 | D:1      | Reached XP level 1. HP: 16/16 MP: 1/1
    85 | D:1      | Reached skill level 1 in Stealth
   219 | D:1      | Reached skill level 3 in Short Blades
   219 | D:1      | Gained mutation: Spells you cast may paralyse adjacent
                  | enemies. [demonic ancestry]
   219 | D:1      | Reached XP level 2. HP: 22/22 MP: 2/2
   750 | D:1      | Reached skill level 1 in Armour
  1294 | D:2      | Gained mutation: You have a pair of small horns on your
                  | head. [demonic ancestry]
  1294 | D:2      | Reached XP level 3. HP: 23/27 MP: 3/3
  1414 | D:2      | Noticed Jessica
  1426 | D:2      | Reached skill level 1 in Evocations
  1427 | D:2      | Killed Jessica
  1428 | D:2      | Reached skill level 1 in Shields
  1431 | D:2      | Gained mutation: You are partially covered in large bone
                  | plates. (SH +4) [demonic ancestry]
  1431 | D:2      | Reached XP level 4. HP: 33/33 MP: 4/4
  1561 | D:2      | Found a radiant altar of Vehumet.
  1801 | D:3      | Found a burning altar of Makhleb.
  1814 | D:3      | Found an iron altar of Okawaru.
  1819 | D:3      | Found a shimmering blue altar of Sif Muna.
  1830 | D:3      | Found a basalt altar of Yredelemnul.
  2381 | D:4      | Reached skill level 1 in Spellcasting
  2381 | D:4      | Reached XP level 5. HP: 38/38 MP: 6/6
  2385 | D:4      | Reached skill level 4 in Short Blades
  2388 | D:4      | Found a broken altar of Ashenzari.
  2493 | D:4      | Noticed Grinder
  2982 | D:4      | Paralysed by Grinder for 2 turns
  2989 | D:4      | Paralysed by Grinder for 4 turns
  2990 | D:4      | HP: 1/38 [Grinder (1)]
  3002 | D:4      | Killed Grinder
  3003 | D:4      | Reached skill level 5 in Short Blades
  3003 | D:4      | Gained mutation: You have a pair of horns on your head.
                  | [demonic ancestry]
  3003 | D:4      | Reached XP level 6. HP: 16/44 MP: 9/9
  3444 | D:5      | Entered Level 5 of the Dungeon
  3444 | D:5      | Noticed an ice beast
  3456 | D:5      | Killed an ice beast
  3481 | D:5      | Reached skill level 6 in Short Blades
  3481 | D:5      | Reached XP level 7. HP: 14/51 MP: 10/10
  3639 | D:5      | Found Ymunios's Weapon Emporium.
  4188 | D:6      | Identified the "Zumovic"
  4364 | D:6      | Found Rozast's Jewellery Emporium.
  4409 | D:6      | Reached skill level 7 in Short Blades
  4480 | D:6      | Upgraded the game from 0.31-a0-949-g57150269e1 to
                  | 0.31-a0-960-g0fca184906
  4546 | D:6      | Reached XP level 8. HP: 55/60 MP: 11/11
  4600 | D:6      | Found a staircase to the Ecumenical Temple.
  4673 | D:6      | HP: 3/60 [shadow (7)]
  4694 | D:6      | Reached skill level 8 in Short Blades
  5019 | Temple   | Entered the Ecumenical Temple
  5102 | D:6      | Found a stormy altar of Qazlal.
  5164 | D:6      | Learned a level 1 spell: Magic Dart
  5226 | D:7      | Reached skill level 9 in Short Blades
  5237 | D:7      | Gained mutation: Spells you cast may paralyse nearby
                  | enemies. [demonic ancestry]
  5237 | D:7      | Reached XP level 9. HP: 25/65 MP: 11/13
  5253 | D:7      | HP: 3/97 [water moccasin (4)]
  5254 | D:7      | Succumbed to a water moccasin's poison

Illustrated notes

Levels and vault maps discovered:
D:1:      ncdulo_wetmaze, layout_basic
D:2:      layout_rooms, basic_altar, minmay_misc_feat_doors, uniq_jessica
D:3:      layout_basic, grunt_temple_overflow_cloverleaf
D:4:      layout_cave_pools, lemuel_crystal_altar, uniq_grinder
D:5:      layout_basic, serial_shops, shop
D:6:      layout_rooms, gammafunk_temple_overflow_elements,
          minmay_temple_entry_statues_fountains, serial_shops,
          kennysheep_mini_moat
D:7:      layout_loops_ring, lemuel_coloured_pillars_altar, minmay_between
Temple:   minmay_temple_bridge_abc

Skill      XL: |  1  2  3  4  5  6  7  8  9 |
---------------+----------------------------+-----
Stealth        | 1 2 4 |  4.0
Short Blades   | 3 5 6 7 9 |  9.3
Armour         | 1 |  1.0
Evocations     | 1 |  1.0
Shields        | 1 |  1.0
Spellcasting   | 1 2 3 |  3.0
Fighting       | 4 |  4.0
Throwing       | |  1.7
Dodging        | |  2.6

Action                     |  1- 3 |  4- 6 |  7- 9 || total
---------------------------+-------+-------+-------++-------
  Melee: Rapier            |    81 |    97 |   158 ||   336
         Headbutt          |     3 |    21 |    32 ||    56
         Punch             |       |     2 |     1 ||     3
         Unarmed           |       |       |    13 ||    13
  Throw: Stone             |       |     7 |    22 ||    29
         Dart              |       |     7 |       ||     7
         Javelin           |       |       |     1 ||     1
   Cast: Magic Dart        |       |       |     1 ||     1
  Evoke: Wand              |       |     1 |     1 ||     2
    Use: Scroll            |     1 |    10 |     1 ||    12
         Potion            |       |     4 |     3 ||     7
   Stab: Distracted        |     1 |       |       ||     1
         Sleeping          |     1 |     3 |     3 ||     7
 Armour: Leather armour    |     6 |       |    81 ||    87
         Ring mail         |    42 |     2 |       ||    44
         Robe              |       |    49 |     2 ||    51
         Skin              |       |       |    14 ||    14
  Dodge: Dodged            |    58 |    35 |    66 ||   159
  Block: Other             |       |    15 |    24 ||    39

Table legend: (Time is in decaauts)
 A = Elapsed time spent in this place.
 B = Non-inter-level travel time spent in this place.
 C = Inter-level travel time spent in this place.
 D = Time resting spent in this place.
 E = Time spent auto-exploring this place.
 F = Levels seen in this place.
 G = Mean time per level.
                   A        B        C        D        E       F      G
               +--------+--------+--------+--------+--------+-----+--------+
         Total |   5235 |   4517 |    718 |    924 |   2141 |   8 |  654.4 |
       Dungeon |   5234 |   4516 |    718 |    924 |   2141 |   7 |  747.7 |
        Temple |      1 |      1 |      0 |      0 |      0 |   1 |    1.0 |
               +--------+--------+--------+--------+--------+-----+--------+

Top non-repeatable levels by time:
     D:1: 1240 daAuts
     D:4: 1044 daAuts
     D:6: 886 daAuts
     D:5: 787 daAuts
     D:3: 739 daAuts
     D:2: 482 daAuts
     D:7: 53 daAuts
  Temple: 1 daAuts
